 Dungeon Crawl Stone Soup version 0.30.0-17-ge0270778cf (webtiles) character file.

Game seed: 1435805382095552306

3 Edyrem the Shield-Bearer (level 1, -1/18 HPs)
             Began as a Formicid Fighter on May 23, 2023.
             Frozen to death by an endoplasm (5 damage)
             ... on level 1 of the Dungeon.
             The game lasted 00:00:09 (29 turns).

Edyrem the Shield-Bearer (Formicid Fighter)           Turns: 29, Time: 00:00:10

Health: -1/18      AC:  6    Str: 20    XL:     1   Next: 55%
Magic:  1/1        EV:  9    Int:  7    God:
Gold:   0          SH:  5    Dex: 13    Spells: 0/0 levels left

rFire   . . .        a - +0 war axe
rCold   . . .        c - +0 buckler
rNeg    . . .        b - +0 scale mail
rPois   .            (helmet unavailable)
rElec   .            (no cloak)
rCorr   .            (no gloves)
SInv    +            (no boots)
Will    .....        (no amulet) Stlth
                     (no ring)
HPRegen 0.23/turn    (no ring)
MPRegen 0.07/turn

%: no passive effects
@: no status effects
A: permanent stasis, dig shafts and tunnels, antennae 3, four strong arms
a: Dig, Shaft Self


You were on level 1 of the Dungeon.
You visited 1 branch of the dungeon, and saw 1 of its levels.

Inventory:

Hand Weapons
 a - a +0 war axe (weapon)
Armour
 b - a +0 scale mail (worn)
 c - a +0 buckler (worn)
Potions
 d - a potion of might


   Skills:
 + Level 3.3 Fighting
 + Level 2.0 Axes
 + Level 3.3 Armour
 + Level 4.1 Shields


You couldn't memorise any spells.
You didn't know any spells.
Your spell library was empty.

Dungeon Overview and Level Annotations

Branches:
Dungeon (1/15)

Altars:


Innate Abilities, Weirdness & Mutations

You cannot be hasted, slowed, berserked, paralysed or teleported.
You can dig through walls and to a lower floor.
You have a pair of large antennae on your head. (SInv)
Your four strong arms can wield two-handed weapons with a shield.


Message History

The giant cockroach barely misses you. The kobold barely misses you.
You barely miss the giant cockroach. You barely miss the kobold.
The giant cockroach bites you. The kobold hits you but does no damage.
An endoplasm comes into view.
You block the giant cockroach's attack.
The endoplasm quivers.
You hit the giant cockroach.
The giant cockroach is heavily wounded.
You slash the kobold!
You kill the kobold!
You block the giant cockroach's attack.
You slash the giant cockroach!
You kill the giant cockroach!
You see here a giant cockroach corpse.
The endoplasm closely misses you.
You barely miss the endoplasm.
The endoplasm hits you but does no damage.
You barely miss the endoplasm. The endoplasm freezes you.
You are frozen.
The endoplasm freezes you.
You are frozen.
You are too injured to fight recklessly!
You are too injured to fight recklessly!
You are too injured to fight recklessly!
You are too injured to fight recklessly!
You are too injured to fight recklessly!
You barely miss the endoplasm. The endoplasm barely misses you.
You hit the endoplasm.
The endoplasm is almost dead.
The endoplasm freezes you.
You are frozen.
The endoplasm freezes you.
You are frozen.
* * * LOW HITPOINT WARNING * * *
You barely miss the endoplasm.
The endoplasm is almost dead.
The endoplasm freezes you.
You are frozen.
You die...

#. . { #.. .. ######..#
#.## ##.......# ....
#### #.?....?.#
....####..## ##.........
...........###..........
..........?...††@J......
.#.....#.......).....$..
##...##..#.!..........#
##.###..............#.
#.# ####.........#.#
##.## #..........# #
###...###.........[..^
....<.............##=#
###...###...


You could see an endoplasm.

Vanquished Creatures
  A giant cockroach (D:1)
  A kobold (D:1)
  A rat (D:1)
3 creatures vanquished.

Notes
Turn   | Place    | Note
-------+----------+-------------------------------------------
     0 | D:1      | Edyrem the Formicid Fighter began the quest for the Orb.
     0 | D:1      | Reached XP level 1. HP: 18/18 MP: 1/1
    29 | D:1      | Frozen to death by an endoplasm

Illustrated notes

Levels and vault maps discovered:
D:1:      roderic_crossed_star, layout_rooms,
          dreamdust_ecumenical_altar_hidden_monk_grotto, serial_shops,
          nicolae_shop_rolled_up, minmay_misc_feat_tower, hex_intersection,
          minmay_door_square, due_unseen_surprise

Action                     || total
---------------------------++-------
  Melee: War axe           ||    11
 Armour: Scale mail        ||     5
  Dodge: Dodged            ||     5
  Block: Buckler           ||     2
